Construct Section Command Post
Selects Australian Defense Battlegroup
Selects Australian Light Infantry Section
Construct Field Infirmary
Selects 2-pounder Anti-tank Gun Team
2-pounder Anti-tank Gun Team
Construct Platoon Command Post
Selects CMP 15cwt Supply Run
Unlock M3 Stuart Light Tanks
2-pounder Anti-tank Gun Team
Australian Light Infantry Section
Selects Reinforced Resource Caches
Selects Charged Creeping Barrage
Unlock Bishop Self-propelled Artillery
Bishop Self-propelled Artillery
Construct Company Command Post
Australian Light Infantry Section
Selects Vehicle Over Repair
6-pounder Anti-tank Gun Team
Australian Light Infantry Section
Bishop Self-propelled Artillery
2-pounder Anti-tank Gun Team